 Dungeon Crawl Stone Soup version 0.24.0-35-gdb84b6a5db (webtiles) character file.

Game seed: 831761285895616292, levelgen mode: deterministic

609 Amplified the Sneak (level 7, -1/82 HPs)
             Began as a Human Enchanter on Nov 19, 2019.
             Was a Believer of Ashenzari.
             Slain by an iguana (11 damage)
             ... on level 5 of the Dungeon.
             The game lasted 00:08:07 (3674 turns).

Amplified the Sneak (Human Enchanter)               Turns: 3674, Time: 00:08:07

Health: -1/82      AC:  6    Str: 13    XL:     7   Next: 71%
Magic:  6/10       EV: 11    Int: 16    God:    Ashenzari [**....]
Gold:   239        SH:  0    Dex: 15    Spells: 7/10 levels left

rFire    . . .     SeeInvis .   c - +4 dagger (flame) (curse)
rCold    . . .     Gourm    .   (no shield)
rNeg     . . .     Faith    .   e - +0 ring mail
rPois    .         Spirit   .   (no helmet)
rElec    .         Reflect  .   (no cloak)
rCorr    .         Harm     .   l - +0 pair of gloves (curse)
MR       .....                  (no boots)
Stlth    ..........             n - amulet of rage
HPRegen  0.23/turn              (no ring)
MPRegen  0.12/turn              (no ring)

@: berserking, very slightly contaminated, very quick
A: no striking features
a: Curse Item, Scrying, Renounce Religion, Evoke Berserk Rage


You were on level 5 of the Dungeon.
You worshipped Ashenzari.
Ashenzari was pleased with you.
You were not hungry.

You visited 1 branch of the dungeon, and saw 5 of its levels.

You collected 239 gold pieces.

Inventory:

Hand Weapons
 a - a +1 dagger
 c - a cursed +4 dagger of flaming (weapon)
 s - a +0 long sword
Missiles
 p - 13 poisoned darts (quivered)
Armour
 b - a +0 robe
 e - a +0 ring mail (worn)
 l - a cursed +0 pair of gloves (worn)
Magical Staves
 j - an uncursed staff of conjuration
Jewellery
 n - an amulet of rage (around neck)
 w - an uncursed amulet of magic regeneration
Wands
 u - a wand of iceblast (6)
Scrolls
 g - a scroll of immolation
 i - a scroll of teleportation
 m - a scroll of remove curse
Potions
 h - a potion of might
 o - a potion of mutation
 q - a potion of agility
 x - a potion of cancellation
Comestibles
 d - 12 rations


   Skills:
 * Level 4.4 Fighting
 * Level 4.3(6.5) Short Blades
 - Level 2.0 Dodging
 - Level 5.3 Stealth
 - Level 2.0 Spellcasting
 * Level 3.4 Hexes


You had 7 spell levels left.
You knew the following spells:

 Your Spells              Type           Power        Failure   Level  Hunger
a - Corona                Hex            ##.....      11%         1    #......
b - Ensorcelled Hibernat  Hex/Ice        #.....       34%         2    ###....

Your spell library contained the following spells:

 Spells                   Type           Power        Failure   Level  Hunger
 Confuse                  Hex            ##......     32%         3    ###....
 Tukima's Dance           Hex            ##......     32%         3    ###....
 Dazzling Spray           Conj/Hex       #.....       56%         3    ###....


Dungeon Overview and Level Annotations

Branches:
Dungeon (5/15)
 Temple: D:4-7

Altars:
Ashenzari
The Shining One


Message History

The iguana is outlined in light.
The iguana bites you.
* * * LOW HITPOINT WARNING * * *
You hit the iguana but do no damage. The iguana closely misses you.
You hit the iguana. You burn the iguana.
The iguana is moderately wounded.
The iguana misses you.
You hit the iguana but do no damage.
The iguana is moderately wounded.
You hit the iguana. You burn the iguana.
The iguana is heavily wounded.
The iguana bites you but does no damage.
You hit the iguana but do no damage.
The iguana is heavily wounded.
The iguana bites you!
* * * LOW HITPOINT WARNING * * *
Okay, then.
It was a potion of berserk rage.
A red film seems to cover your vision as you go berserk!
You feel yourself moving faster!
You feel mighty! The iguana bites you!
You die...

.#.#.##.#########.# *,,
, #.......# #.## * , *
#.......# #..# ,. ,, ,
,##.......####รท####....
,
,,....................o
* #.......####..###....
, #.......# ##.# * .
#......l# #..# ,,
#......@# ##.# , ,
#.......### .# ,
#.........# ..* *
#.###.....# #.# #.#
#.....# * #.# ####### *
#######.# * * ........#
*........########


You could see an iguana.

Vanquished Creatures
  A wyvern (D:5)
  A howler monkey (D:4)
  A hound (D:4)
  An orc priest (D:3)
  Jessica (D:3)
  An iguana (D:4)
  2 orc wizards
  2 worker ants (D:4)
  10 adders
  An ooze (D:1)
  3 worms (D:3)
  A dart slug (D:3)
  2 leopard geckos
  6 orcs
  2 ball pythons
  6 giant cockroaches
  10 goblins
  10 hobgoblins
  10 jackals
  8 kobolds
  6 quokkas
  7 bats
  9 frilled lizards
  8 rats
109 creatures vanquished.

Notes
Turn   | Place    | Note
-------+----------+-------------------------------------------
     0 | D:1      | Amplified the Human Enchanter began the quest for the Orb.
     0 | D:1      | Reached XP level 1. HP: 13/13 MP: 3/3
   104 | D:1      | Reached skill level 1 in Fighting
   115 | D:1      | Reached XP level 2. HP: 14/21 MP: 5/5
   145 | D:1      | Found a shattered altar of Ashenzari.
   160 | D:1      | Became a worshipper of Ashenzari the Shackled
   231 | D:1      | Reached XP level 3. HP: 21/26 MP: 6/6
   923 | D:2      | Reached XP level 4. HP: 29/33 MP: 7/7
  1284 | D:2      | Reached XP level 5. HP: 7/39 MP: 6/8
  1286 | D:2      | Reached skill level 4 in Stealth
  1357 | D:2      | Reached * piety under Ashenzari
  1370 | D:2      | Learned a level 2 spell: Ensorcelled Hibernation
  1836 | D:2      | Found a glowing golden altar of the Shining One.
  2196 | D:3      | Noticed Jessica
  2484 | D:4      | Reached XP level 6. HP: 35/47 MP: 6/9
  2843 | D:4      | Reached skill level 5 in Stealth
  2914 | D:4      | Reached ** piety under Ashenzari
  3050 | D:5      | Entered Level 5 of the Dungeon
  3157 | D:3      | Reached XP level 7. HP: 46/53 MP: 10/10
  3401 | D:3      | Killed Jessica
  3543 | D:5      | Noticed a wyvern
  3574 | D:5      | Killed a wyvern
  3674 | D:5      | Slain by an iguana

Levels and vault maps discovered:
D:1:      sevenhm_arrival_forest_fort_large_4, layout_rooms,
          evilmike_ruin_ashenzari
D:2:      cheibrodos_helix_gallery, layout_basic, lemuel_coloured_pillars_altar
D:3:      layout_rooms, first_ration, uniq_jessica
D:4:      layout_basic
D:5:      layout_basic

Skill      XL: |  1  2  3  4  5  6  7 |
---------------+----------------------+-----
Fighting       | 1 2 3 4 |  4.4
Short Blades   | 2 3 4 |  4.3
Stealth        | 4 5 |  5.3
Dodging        | |  2.0
Spellcasting   | |  2.0
Hexes          | |  3.4

Action                   |  1- 3 |  4- 6 |  7- 9 || total
-------------------------+-------+-------+-------++-------
Melee: Dagger            |    96 |   240 |    33 ||   369
Throw: Dart              |       |       |     1 ||     1
 Cast: Corona            |     3 |     9 |     2 ||    14
       Ensorcelled Hiber |       |     5 |     2 ||     7
Invok: Curse Item        |     1 |     1 |       ||     2
Evoke: Wand              |       |       |     4 ||     4
  Use: Scroll            |     2 |     8 |     1 ||    11
       Potion            |     1 |     4 |     5 ||    10
 Stab: Sleeping          |     2 |     6 |     3 ||    11
  Eat: Chunk             |       |     8 |     3 ||    11
Armor: Ring mail         |    41 |    76 |    11 ||   128
Dodge: Dodged            |    60 |   142 |    13 ||   215
